 Dungeon Crawl Stone Soup version 0.30.0-20-g3615ddf2f0 (webtiles) character file.

Game seed: 2550900680582376627

793 qw the Chopper (level 7, 0/43 HPs)
             Began as a Gargoyle Fighter on June 1, 2023.
             Slain by Maggie
             ... wielding a +0 war axe
              (2 damage)
             ... on level 6 of the Dungeon.
             The game lasted 00:02:07 (4266 turns).

qw the Chopper (Gargoyle Fighter)                   Turns: 4266, Time: 00:02:08

Health: 0/43       AC: 15    Str: 21    XL:     7   Next: 88%
Magic:  7/7        EV:  8    Int:  9    God:
Gold:   59         SH:  5    Dex: 15    Spells: 6/6 levels left

rFire   . . .        b - +2 war axe (flame)
rCold   . . .        c - +0 buckler
rNeg    + . .        n - +0 chain mail
rPois   inf          f - +0 helmet
rElec   +            (no cloak)
rCorr   .            (no gloves)
SInv    .            (no boots)
Will    .....        (no amulet) Stlth
                     h - +6 ring of dexterity
HPRegen 0.27/turn    (no ring)
MPRegen 0.10/turn

%: no passive effects
@: no status effects
A: sickness immunity, AC +4, negative energy resistance 1, electricity
resistance, torment resistance 1, petrification resistance
a: no special abilities


You were on level 6 of the Dungeon.
You visited 2 branches of the dungeon, and saw 7 of its levels.

You collected 163 gold pieces.
You spent 104 gold pieces at shops.


Innate Abilities, Weirdness & Mutations

You are immune to sickness and miasma.
Your stone body is resilient. (AC +4)
You are immune to poison.
You resist negative energy. (rN+)
You are resistant to electric shocks. (rElec)
You are resistant to unholy torment.
You are immune to petrification.


   Skills:
 + Level 4.1 Fighting
 - Level 7.0 Axes
 - Level 1.0 Throwing
 - Level 3.2 Armour
 - Level 2.3 Dodging
 - Level 3.2 Shields


You had 6 spell levels left.
You didn't know any spells.
Your spell library was empty.

Inventory:

Hand Weapons
 b - a +2 war axe of flaming (weapon)
Missiles
 e - 3 javelins (quivered)
Armour
 c - a +0 buckler (worn)
 f - a +0 helmet (worn)
 n - a +0 chain mail (worn)
Jewellery
 h - a +6 ring of dexterity (left hand)
Wands
 m - a wand of digging (7)
Scrolls
 a - a scroll of identify
Potions
 d - 4 potions of might
 g - 5 potions of curing
 i - a potion of attraction
 k - a potion of resistance
 l - 2 potions of mutation
 o - a potion of heal wounds {unknown}

Dungeon Overview and Level Annotations

Branches:
Dungeon (6/15)             Temple (1/1) D:5

Altars:
Ashenzari
Dithmenos
Gozag
Hepliaklqana
Kikubaaqudgha
Makhleb
Nemelex Xobeh
Qazlal
Ru
Sif Muna
Trog
Vehumet
Xom
Zin

Shops:
D:4 ?:

Annotations:
D:5 2 transporters
D:6 Maggie


Message History

You hit Maggie. You burn Maggie.
Maggie is lightly wounded.
Maggie casts a spell at you. The bolt of fire misses you.
You barely miss Maggie.
Maggie is lightly wounded.
Maggie hits you but does no damage.
You hit Maggie. You burn Maggie.
Maggie is lightly wounded.
Maggie casts a spell at you. The bolt of fire hits you!
You hear an angry hiss.
You hit Maggie but do no damage.
Maggie is lightly wounded.
Maggie hits you but does no damage.
You closely miss Maggie.
Maggie is lightly wounded.
An iguana comes into view.
Maggie closely misses you.
You hit Maggie. You burn Maggie.
Maggie is lightly wounded.
Maggie barely misses you. Maggie hits you but does no damage.
You slash Maggie! You burn Maggie.
Maggie is moderately wounded.
Maggie gives herself a magical halo, but it quickly sputters out.
Maggie hits you with a +0 war axe.
You barely miss Maggie.
Maggie is moderately wounded.
Maggie hits you with a +0 war axe.
You hit Maggie. You burn Maggie.
Maggie is heavily wounded.
You block Maggie's attack.
You closely miss Maggie.
Maggie is heavily wounded.
Maggie gestures at you while chanting. The bolt of fire hits you!
You barely miss Maggie.
Maggie is heavily wounded.
Maggie hits you with a +0 war axe! Maggie hits you with a +0 war axe.
You die...

# #.# #####.#### #.#
.........# #.#
#....##.# #.# #.@.#
#.# #@#.# #.# #.l#.#
#.## ##.#.#######..#
..#..(......)#####
..#.........)....##
...##########.)%...#
... #.###..# #.#
#..#


You could see Maggie and an iguana.

Vanquished Creatures
  A steam dragon (D:6)
  A sky beast (D:4)
  A kobold brigand (D:6)
  A howler monkey (D:4)
  2 orc priests
  5 hounds
  A jelly (D:4)
  A gnoll bouda (D:4)
  An orc wizard (D:5)
  5 gnolls (D:4)
  3 adders
  4 worms
  A dart slug (D:1)
  7 orcs
  3 endoplasms
  7 giant cockroaches
  7 goblins
  6 hobgoblins
  8 jackals
  13 kobolds
  5 quokkas
  4 ball pythons
  8 bats
  4 frilled lizards
  6 rats
105 creatures vanquished.

Notes
Turn   | Place    | Note
-------+----------+-------------------------------------------
     0 | D:1      | qw the Gargoyle Fighter began the quest for the Orb.
     0 | D:1      | Reached XP level 1. HP: 14/14 MP: 1/1
     0 | D:1      | 0 ||| qw: Version: 0.2-a-102-gfc559e5
     0 | D:1      | 0 ||| qw: Game counter: 651
     0 | D:1      | 0 ||| qw: Always use a shield: true
     0 | D:1      | 0 ||| qw: God list: Okawaru
     0 | D:1      | 0 ||| qw: Allow faded altars: false
     0 | D:1      | 0 ||| qw: Do Orc after D:15 true
     0 | D:1      | 0 ||| qw: Do second Lair branch before Depths: true
     0 | D:1      | 0 ||| qw: Lair rune preference: random
     0 | D:1      | 0 ||| qw: Plans: Normal, Zot:1-4, Slime:5, God:TSO, Crypt,
                  | Tomb, Pan, Hells, Abyss, Win
     0 | D:1      | 0 ||| PLANNING D:1-11
    78 | D:1      | Reached skill level 2 in Axes
    85 | D:1      | 85 ||| Stepping ~*~*~tactically~*~*~ (hiding).
    92 | D:1      | Reached XP level 2. HP: 19/19 MP: 2/2
   172 | D:1      | 172 ||| Stepping ~*~*~tactically~*~*~ (stealth).
   302 | D:1      | 302 ||| DROPPING +0 club.
   336 | D:1      | Reached skill level 3 in Axes
   356 | D:1      | Reached XP level 3. HP: 21/23 MP: 3/3
   414 | D:1      | Found a faded altar of an unknown god.
   508 | D:1      | 508 ||| DROPPING orb of guile.
   509 | D:1      | 509 ||| READING scroll labelled IBOOFU XASOTH.
   510 | D:1      | 510 ||| READING scroll labelled ZODGHUCZICRI.
   511 | D:1      | 511 ||| READING scroll labelled KAOCIFUNISCH.
   512 | D:1      | 512 ||| READING scroll labelled KOUTSIT FIEQES.
   513 | D:1      | 513 ||| READING scroll labelled BUIFFUMASH.
   632 | D:2      | 632 ||| Stepping ~*~*~tactically~*~*~ (stealth).
   661 | D:2      | 661 ||| FLEEEEING.
   662 | D:2      | 662 ||| FLEEEEING.
   663 | D:2      | 663 ||| FLEEEEING.
   713 | D:2      | 713 ||| READING scroll of enchant weapon.
   713 | D:2      | 713 ||| ENCHANTING +1 war axe.
   854 | D:2      | 854 ||| Stepping ~*~*~tactically~*~*~ (stealth).
   855 | D:2      | 855 ||| Stepping ~*~*~tactically~*~*~ (stealth).
  1070 | D:2      | Reached XP level 4. HP: 28/28 MP: 4/4
  1252 | D:2      | 1252 ||| READING scroll labelled UGOGATHR ZEZESY.
  1270 | D:2      | 1270 ||| READING scroll labelled OGRINO HAUNEOSAU.
  1271 | D:2      | 1271 ||| READING scroll labelled OMOOGU KIAKU.
  1272 | D:2      | 1272 ||| DRINKING 2 black potions.
  1273 | D:2      | 1273 ||| DRINKING 2 sedimented dark potions.
  1274 | D:2      | 1274 ||| READING 3 scrolls of identify.
  1274 | D:2      | 1274 ||| IDENTIFYING green potion
  1275 | D:2      | 1275 ||| READING 2 scrolls of identify.
  1275 | D:2      | 1275 ||| IDENTIFYING puce potion
  1276 | D:2      | 1276 ||| DROPPING potion of invisibility.
  1277 | D:2      | 1277 ||| DROPPING potion of flight.
  1324 | D:3      | 1324 ||| Stepping ~*~*~tactically~*~*~ (stealth).
  1325 | D:3      | 1325 ||| Stepping ~*~*~tactically~*~*~ (stealth).
  1384 | D:3      | Found a radiant altar of Vehumet.
  1886 | D:3      | 1886 ||| UPGRADING to +0 chain mail.
  1896 | D:3      | 1896 ||| DROPPING +0 scale mail.
  1897 | D:3      | 1897 ||| UPGRADING to +6 ring of dexterity.
  1898 | D:3      | 1898 ||| READING 5 scrolls of identify.
  1898 | D:3      | 1898 ||| IDENTIFYING red potion
  1899 | D:3      | 1899 ||| READING 4 scrolls of identify.
  1899 | D:3      | 1899 ||| IDENTIFYING sedimented red potion
  1900 | D:3      | 1900 ||| READING 3 scrolls of identify.
  1900 | D:3      | 1900 ||| IDENTIFYING sapphire potion
  1901 | D:3      | 1901 ||| READING 2 scrolls of identify.
  1901 | D:3      | 1901 ||| IDENTIFYING fuming ruby potion
  1902 | D:3      | 1902 ||| DROPPING potion of degeneration.
  1903 | D:3      | 1903 ||| DROPPING potion of berserk rage.
  1904 | D:3      | 1904 ||| DROPPING potion of magic.
  1933 | D:4      | 1933 ||| PLANNING SEWER
  1961 | D:4      | Reached skill level 4 in Axes
  1976 | D:4      | Noticed a sky beast
  1987 | D:4      | Killed a sky beast
  1988 | D:4      | Reached XP level 5. HP: 29/32 MP: 5/5
  2102 | D:4      | 2102 ||| FLEEEEING.
  2103 | D:4      | 2103 ||| FLEEEEING.
  2104 | D:4      | 2104 ||| FLEEEEING.
  2105 | D:4      | 2105 ||| FLEEEEING.
  2106 | D:4      | 2106 ||| FLEEEEING.
  2107 | D:4      | 2107 ||| FLEEEEING.
  2109 | D:4      | 2109 ||| STAIRDANCE
  2154 | D:3      | 2154 ||| READING scroll labelled QIHIEZX WIAH.
  2157 | D:3      | 2157 ||| READING 2 scrolls of identify.
  2157 | D:3      | 2157 ||| IDENTIFYING brown potion
  2158 | D:3      | 2158 ||| DROPPING potion of brilliance.
  2254 | D:4      | 2254 ||| SWAPPING to +1 war axe of freezing.
  2255 | D:4      | 2255 ||| DROPPING +2 war axe.
  2271 | D:4      | Reached XP level 6. HP: 37/37 MP: 6/6
  2303 | D:4      | 2303 ||| Stepping ~*~*~tactically~*~*~ (stealth).
  2307 | D:4      | 2307 ||| Stepping ~*~*~tactically~*~*~ (stealth).
  2308 | D:4      | 2308 ||| Stepping ~*~*~tactically~*~*~ (stealth).
  2320 | D:4      | 2320 ||| Stepping ~*~*~tactically~*~*~ (stealth).
  2346 | D:4      | Reached skill level 5 in Axes
  2349 | D:4      | 2349 ||| Stepping ~*~*~tactically~*~*~ (stealth).
  2350 | D:4      | 2350 ||| Stepping ~*~*~tactically~*~*~ (stealth).
  2401 | D:4      | Found Mifa's Magic Scroll Emporium.
  2407 | D:4      | 2407 ||| BUYING scroll of brand weapon (104 gold).
  2407 | D:4      | Bought a scroll of brand weapon for 104 gold pieces
  2407 | D:4      | 2407 ||| SHOPLISTING scroll of enchant armour (82 gold,
                  | have 17).
  2407 | D:4      | 2407 ||| SHOPLISTING scroll of identify (22 gold, have 17).
  2407 | D:4      | 2407 ||| READING scroll of brand weapon.
  2407 | D:4      | 2407 ||| BRANDING +1 war axe of freezing.
  2408 | D:4      | 2408 ||| DROPPING +0 whip.
  2497 | D:4      | Reached skill level 1 in Throwing
  2643 | D:4      | Found Amaly's Book Boutique.
  2672 | D:4      | 2672 ||| RIP SEWER
  2745 | D:4      | 2745 ||| PLANNING D:1-11
  2750 | D:4      | 2750 ||| Stepping ~*~*~tactically~*~*~ (stealth).
  2897 | D:4      | Reached XP level 7. HP: 43/43 MP: 7/7
  3102 | D:4      | 3102 ||| Stepping ~*~*~tactically~*~*~ (water).
  3204 | D:4      | 3204 ||| Stepping ~*~*~tactically~*~*~ (water).
  3259 | D:4      | 3259 ||| UPGRADING to +0 helmet.
  3279 | D:5      | Entered Level 5 of the Dungeon
  3280 | D:5      | Found a staircase to the Ecumenical Temple.
  3281 | D:5      | 3281 ||| PLANNING TEMPLE
  3299 | D:5      | 3299 ||| Stepping ~*~*~tactically~*~*~ (hiding).
  3300 | D:5      | 3300 ||| Stepping ~*~*~tactically~*~*~ (hiding).
  3302 | D:5      | 3302 ||| Stepping ~*~*~tactically~*~*~ (hiding).
  3303 | D:5      | 3303 ||| Stepping ~*~*~tactically~*~*~ (hiding).
  3374 | Temple   | Entered the Ecumenical Temple
  3417 | Temple   | 3417 ||| PLANNING D:1-11
  3441 | D:5      | 3441 ||| READING scroll of enchant weapon.
  3441 | D:5      | 3441 ||| ENCHANTING +1 war axe of flaming.
  3564 | D:5      | Found a transporter.
  3574 | D:5      | Found a transporter.
  4129 | D:5      | Reached skill level 6 in Axes
  4164 | D:5      | 4164 ||| DRINKING 2 fizzy brown potions.
  4165 | D:5      | 4165 ||| READING 2 scrolls of identify.
  4165 | D:5      | 4165 ||| IDENTIFYING fizzy dark potion
  4166 | D:5      | 4166 ||| DROPPING potion of ambrosia.
  4181 | D:6      | Noticed a steam dragon
  4187 | D:6      | Killed a steam dragon
  4190 | D:6      | 4190 ||| Stepping ~*~*~tactically~*~*~ (hiding).
  4191 | D:6      | 4191 ||| Stepping ~*~*~tactically~*~*~ (hiding).
  4207 | D:6      | 4207 ||| Stepping ~*~*~tactically~*~*~ (stealth).
  4209 | D:6      | 4209 ||| Stepping ~*~*~tactically~*~*~ (hiding).
  4221 | D:6      | Reached skill level 7 in Axes
  4250 | D:6      | Noticed Maggie
  4251 | D:6      | 4251 ||| Stepping ~*~*~tactically~*~*~ (hiding).
  4266 | D:6      | HP: 2/43 [Maggie/+0 war axe (9)]
  4266 | D:6      | Slain by Maggie

Levels and vault maps discovered:
D:1:      dpeg_arrival_round_a, layout_rooms,
          shapermc_ecumenical_altar_mp_urbaneastern
D:2:      layout_loops_ring
D:3:      layout_loops_ring, mainiacjoe_overflow_tiny_flanked
D:4:      layout_basic, gup_sewer_entry_spiral, serial_shops, shop, shop
D:5:      layout_basic, minmay_temple_entry_slanted,
          gammafunk_ghost_gnarly_gnolls
D:6:      layout_loops_ring, minmay_ruined_shrine, uniq_maggie
Temple:   cyrus_circular_temple

Skill      XL: |  1  2  3  4  5  6  7 |
---------------+----------------------+-----
Axes           | 2 3 4 5 7 |  7.0
Dodging        | 2 |  2.3
Throwing       | 1 |  1.0
Fighting       | 4 |  4.1
Armour         | |  3.2
Shields        | |  3.2

Action                     |  1- 3 |  4- 6 |  7- 9 || total
---------------------------+-------+-------+-------++-------
  Melee: War axe           |    81 |    91 |    85 ||   257
  Throw: Javelin           |       |    13 |    11 ||    24
    Use: Scroll            |     6 |    12 |     2 ||    20
         Potion            |       |     2 |     1 ||     3
 Armour: Scale mail        |    52 |     8 |       ||    60
         Chain mail        |       |    28 |    43 ||    71
  Dodge: Dodged            |    24 |    23 |    33 ||    80
  Block: Buckler           |    18 |    23 |    11 ||    52

Table legend:
 A = Non-vault XP
 B = Vault XP
 C = Vault XP percentage of total XP
 D = Non-vault monster count
 E = Vault monster count
 F = Vault count percentage of total count
                 A         B        C        D         E       F
            +---------+---------+-------+---------+---------+-------
      Total |    1118 |      16 |   1.4 |      97 |       8 |   7.6
            +---------+---------+-------+---------+---------+-------
        D:1 |      36 |       0 |   0.0 |      20 |       0 |   0.0
        D:2 |      51 |       0 |   0.0 |      21 |       0 |   0.0
        D:3 |      10 |       0 |   0.0 |       7 |       0 |   0.0
        D:4 |     523 |      16 |   3.0 |      34 |       8 |  19.0
        D:5 |     179 |       0 |   0.0 |       6 |       0 |   0.0
        D:6 |     319 |       0 |   0.0 |       9 |       0 |   0.0
            +---------+---------+-------+---------+---------+-------
